 Dungeon Crawl Stone Soup version 0.30.0-10-gfe55d96785 (webtiles) character file.

Game seed: 4600120132017872916

753 apoch the Cleaver (level 7, -3/60 HPs)
             Began as a Minotaur Fighter on May 13, 2023.
             Slain by a water moccasin (7 damage)
             ... on level 4 of the Dungeon.
             The game lasted 00:05:01 (2874 turns).

apoch the Cleaver (Minotaur Fighter)                Turns: 2874, Time: 00:05:02

Health: -3/60      AC:  9    Str: 22    XL:     7   Next: 49%
Magic:  6/6        EV:  8    Int:  5    God:
Gold:   287        SH:  4    Dex: 10    Spells: 6/6 levels left

rFire   . . .        a - +0 war axe
rCold   . . .        c - +0 buckler
rNeg    . . .        q - +0 chain mail
rPois   .            (helmet restricted)
rElec   .            (no cloak)
rCorr   .            (no gloves)
SInv    .            (no boots)
Will    .....        (no amulet) Stlth
                     (no ring)
HPRegen 0.30/turn    (no ring)
MPRegen 0.10/turn

%: no passive effects
@: lethally poisoned (-3 -> -36), flying
A: horns 2, retaliatory headbutt
a: no special abilities


You were on level 4 of the Dungeon.
You visited 1 branch of the dungeon, and saw 4 of its levels.

You collected 287 gold pieces.

Inventory:

Hand Weapons
 a - a +0 war axe (weapon)
 h - a +0 war axe
Missiles
 e - 6 poisoned darts
 t - 3 boomerangs
 v - 3 stones (quivered)
Armour
 b - a +0 scale mail
 c - a +0 buckler (worn)
 q - a +0 chain mail (worn)
Jewellery
 w - a ring of magical power
Wands
 y - a wand of iceblast (5)
Scrolls
 f - 2 scrolls of vulnerability {unknown}
 g - a scroll of teleportation {unknown}
 j - 6 scrolls of identify {unknown}
 l - a scroll of poison {unknown}
 n - a scroll of fog {unknown}
 o - 2 scrolls of fear {unknown}
 p - 2 scrolls of brand weapon {unknown}
 x - a scroll of noise {unknown}
 z - a scroll of amnesia {unknown}
Potions
 d - a potion of curing {unknown}
 i - a potion of magic {unknown}
 k - 2 potions of flight
 m - a potion of attraction {unknown}
 r - a potion of lignification {unknown}
 s - a potion of heal wounds {unknown}
 u - a potion of resistance {unknown}


   Skills:
 + Level 4.5 Fighting
 - Level 10.0 Axes
 - Level 3.6 Armour
 - Level 3.6 Shields


You had 6 spell levels left.
You didn't know any spells.
Your spell library contained the following spells:

 Spells                   Type           Power      Damage    Failure   Level
 Gell's Gravitas          Tloc           0%         N/A       100%        3
 Teleport Other           Tloc           0%         N/A       100%        3
 Dispersal                Tloc           0%         N/A       100%        6


Dungeon Overview and Level Annotations

Branches:
Dungeon (4/15)
 Temple: D:4-7

Altars:
Trog

Shops:
D:2 [   D:4 *

Annotations:
D:3 1 runed translucent door


Innate Abilities, Weirdness & Mutations

You have a pair of horns on your head.
You reflexively headbutt those who attack you in melee.


Message History

You hit the water moccasin.
The water moccasin is lightly wounded.
You feel very sick. The water moccasin bites you.
You are more poisoned.
The water moccasin poisons you! The water moccasin bites you.
You are lethally poisoned!
The water moccasin poisons you!
You barely miss the water moccasin. You headbutt the water moccasin.
The water moccasin is moderately wounded.
You feel extremely sick. The water moccasin bites you.
You are more poisoned.
The water moccasin poisons you!
You are too injured to fight recklessly!
You are too injured to fight recklessly!
You are too injured to fight recklessly!
You are too injured to fight recklessly!
You are too injured to fight recklessly!
You are too injured to fight recklessly!
You are too injured to fight recklessly!
You are too injured to fight recklessly!
You are too injured to fight recklessly!
You are too injured to fight recklessly!
You are too injured to fight recklessly!
You miss the water moccasin.
The water moccasin is moderately wounded.
* * * LOW HITPOINT WARNING * * *
You feel extremely sick. The water moccasin bites you.
* * * LOW HITPOINT WARNING * * *
Unknown command.
It was a potion of flight.
You feel very buoyant.
You fly up into the air.
* * * LOW HITPOINT WARNING * * *
You feel extremely sick.
The water moccasin bites you but does no damage.
The water moccasin bites you!
You die...

# #........# #.........# #.. ###
##########.###.........# #.#
.#.#.#.#.#.#.#.#.#.....####.# #.#
#.#.#.#.#.#.#.#.#.#....# #.###.#
.#.#.#.#.#.#.#.#.#.##### #.....#
#.#.#.#.#.#.#.#.#.#.# #..####
.#.#.#.#.#.#.#.#.##### #.....#
#.#.#.#.#.#.#.#.##S..## ##.##.#
.#.#.#.#.#.#.#.#@SS∩.+.#####.##.#
#.#.#.#.#.#.#.#.##...#..#....##.#
.#.#.#.#.#.#.#.#.# ###..........#
#.#.#.#.#.#.#.#.#.# ##..########
.#.#.#.#.#.#.#.#.#.# #>..##.....
#.#.#.#.#.#.#.#.#.#.# ###........
.#.#.#.#.#.#.#.#...... #........
#.#.#.#.#.#.#.#.#..... #......##
.#.#.#.#.#.#.#.#... #......##


You could see a water moccasin, an adder and a ball python.

Vanquished Creatures
  Sigmund (D:2)
  A water moccasin (D:4)
  An ice beast (D:4)
  The ghost of RascalDebosk the Magician, an amateur DjCj (D:3)
  2 orc priests
  3 orc wizards
  Robin (D:2)
  5 adders
  A worm (D:3)
  2 dart slugs
  11 orcs
  5 ball pythons
  10 bats
  8 endoplasms
  3 giant cockroaches
  16 goblins
  11 hobgoblins
  4 jackals (D:1)
  10 kobolds
  9 quokkas
  A frilled lizard (D:2)
  6 rats
112 creatures vanquished.

Notes
Turn   | Place    | Note
-------+----------+-------------------------------------------
     0 | D:1      | apoch the Minotaur Fighter began the quest for the Orb.
     0 | D:1      | Reached XP level 1. HP: 19/19 MP: 0/0
    50 | D:1      | Reached skill level 3 in Axes
   118 | D:1      | Reached XP level 2. HP: 26/26 MP: 1/1
   192 | D:1      | Reached skill level 4 in Axes
   420 | D:1      | Reached XP level 3. HP: 31/31 MP: 2/2
   502 | D:2      | Found Kitir's Antique Armour Boutique.
   567 | D:2      | Noticed Sigmund
   575 | D:2      | Reached skill level 5 in Axes
   576 | D:2      | Killed Sigmund
   577 | D:2      | Reached skill level 7 in Axes
   577 | D:2      | Reached XP level 4. HP: 37/39 MP: 3/3
   577 | D:2      | Reached XP level 5. HP: 43/45 MP: 4/4
   751 | D:2      | Noticed Robin
   765 | D:2      | Killed Robin
   916 | D:2      | Reached XP level 6. HP: 51/51 MP: 5/5
   955 | D:2      | You fall into a shaft and drop 1 floor!
  1177 | D:3      | Found a bloodstained altar of Trog.
  1217 | D:3      | Found a runed translucent door.
  1220 | D:3      | Noticed RascalDebosk's ghost (amateur DjCj)
  1244 | D:3      | Killed RascalDebosk's ghost
  1245 | D:3      | Reached skill level 8 in Axes
  1313 | D:3      | Found a runed translucent door.
  1739 | D:3      | Reached skill level 9 in Axes
  2147 | D:4      | Noticed an ice beast
  2157 | D:4      | Killed an ice beast
  2158 | D:4      | Reached XP level 7. HP: 14/57 MP: 6/6
  2864 | D:4      | Found Baphoysk's Serpentskin Sales.
  2870 | D:4      | Reached skill level 10 in Axes
  2874 | D:4      | Slain by a water moccasin

Illustrated notes

Levels and vault maps discovered:
D:1:      lemuel_arrival_behind_the_door_large, layout_rooms,
          nicolae_kite_square_tiling_tiny
D:2:      layout_rooms, serial_shops, shop, supply_closet_lemuel, uniq_robin,
          uniq_sigmund
D:3:      wad_river_or_something, layout_basic, trog_three_pillars_becter,
          ebering_ghost_sewer_f
D:4:      layout_basic, regret_index_temple_of_mockery, guppyfry_shop_venom

Skill      XL: |  1  2  3  4  5  6  7 |
---------------+----------------------+-----
Axes           | 3 4 7 9 10 | 10.0
Fighting       | 4 |  4.5
Armour         | |  3.6
Shields        | |  3.6

Action                     |  1- 3 |  4- 6 |  7- 9 || total
---------------------------+-------+-------+-------++-------
  Melee: War axe           |    77 |   127 |    41 ||   245
         Headbutt          |     4 |    16 |    11 ||    31
  Throw: Stone             |    14 |    22 |    18 ||    54
    Use: Potion            |     1 |       |     1 ||     2
 Armour: Scale mail        |    34 |    17 |       ||    51
         Chain mail        |       |    25 |    15 ||    40
  Dodge: Dodged            |    47 |    37 |     8 ||    92
  Block: Buckler           |    17 |    16 |     4 ||    37
